Map: 2000 атмосфер РВ

Players

ИИ 1 (эксперт) - Winner!

  • Race: Protoss Protoss

Doll

  • Race: Terran Terran

VOD

Have the link to the VOD?

Description

Time

  • Played on: July 17, 2021, 9:26 a.m.
  • Length: 11:06
Show
View Real Time Build Order
Export as new Build Order

ИИ 1 (эксперт) Protoss - Winner!

Build Orders:  

Get SALT Encoding   

  12  0:00  Probe  
  13  0:13  Probe  
  14  0:19  Pylon  
  14  0:25  Probe  
  15  0:34  Probe  
  15  0:42  Probe  
  16  0:47  Assimilator  
  17  0:50  Gateway  
  17  0:52  Probe  
  18  1:00  Probe, Pylon  
  19  1:08  Probe  
  19  1:18  Probe  
  21  1:35  Gateway  
  21  1:36  Probe  
  21  1:37  Zealot  
  21  1:39  Cybernetics Core  
  24  1:46  Pylon  
  24  1:48  Probe  
  25  1:56  Zealot  
  25  2:00  Probe  
  28  2:09  Assimilator  
  28  2:12  Probe  
  29  2:17  Warp Gate  
  29  2:21  Adept  
  29  2:22  Adept  
  29  2:24  Probe  
  34  2:33  Pylon  
  34  2:36  Probe  
  35  2:48  Adept, Probe  
  38  2:51  Sentry  
  40  3:00  Probe  
  41  3:13  Probe, Nexus  
  42  3:20  Stalker  
  42  3:25  Probe  
  45  3:36  Robotics Facility  
  45  3:37  Probe  
  44  3:46  Zealot  
  40  3:49  Probe  
  40  3:51  Stalker  
  32  4:16  Probe  
  28  4:21  Stalker  
  28  4:24  Probe  
  28  4:26  Zealot  
  28  4:28  Probe  
  31  4:32  Probe  
  32  4:40  Probe  
  32  4:44  Probe  
  34  4:52  Probe  
  35  4:55  Gateway  
  35  4:56  Probe  
  36  5:03  Stalker  
  36  5:06  Probe  
  39  5:12  Stalker  
  41  5:14  Probe  
  41  5:18  Probe  
  43  5:26  Stalker, Probe x2  
  46  5:31  Stalker  
  46  5:34  Probe  
  49  5:38  Probe  
  51  5:44  Probe  
  51  5:49  Adept, Stalker  
  56  5:50  Probe  
  56  5:53  Sentry  
  56  5:54  Pylon  
  59  6:10  Zealot  
  61  6:12  Adept, Probe x2  
  61  6:16  Pylon  
  61  6:17  Stalker  
  67  6:24  Probe  
  67  6:25  Forge  
  68  6:30  Probe, Sentry  
  70  6:33  Zealot  
  70  6:36  Probe, Pylon  
  70  6:38  Protoss Ground Weapons Level 1  
  74  6:42  Probe  
  75  6:48  Probe  
  75  6:52  Forge  
  76  6:54  Probe  
  76  6:59  Robotics Bay  
  76  7:00  Nexus  
  77  7:13  Protoss Ground Armor Level 1  
  77  7:19  Observer  
  77  7:20  Pylon  
  77  7:22  Assimilator  
  78  7:23  Assimilator  
  78  7:36  Pylon  
  78  7:37  Zealot, Sentry  
  78  7:38  Colossus  
  78  7:41  Adept  
  78  7:43  Gateway  
  84  7:46  Probe  
  91  7:56  Pylon  
  91  7:58  Adept  
  93  8:02  Photon Cannon  
  93  8:07  Pylon  
  93  8:12  Probe  
  94  8:13  Probe x2  
  96  8:20  Assimilator  
  96  8:24  Probe  
  96  8:25  Probe, Pylon  
  97  8:28  Probe, Twilight Council  
  97  8:31  Colossus  
  104  8:35  Photon Cannon  
  104  8:36  Probe  
  104  8:37  Probe  
  104  8:38  Probe  
  107  8:45  Photon Cannon  
  107  8:46  Probe  
  107  8:49  Probe, Photon Cannon  
  107  8:51  Probe  
  110  8:57  Probe  
  110  8:58  Pylon  
  110  9:01  Probe  
  112  9:03  Probe  
  112  9:05  Blink  
  112  9:06  Robotics Facility  
  114  9:10  Probe x2  
  114  9:15  Probe, Colossus  
  116  9:18  Probe  
  116  9:22  Probe, Photon Cannon  
  118  9:27  Probe x2  
  126  9:37  Photon Cannon  
  126  9:41  Stalker  
  126  9:44  Stalker  
  130  9:49  Zealot  
  130  9:51  Pylon  
  130  9:52  Zealot, Disruptor  
  105  10:04  Zealot  
  105  10:05  Immortal  
  95  10:07  Adept  
  95  10:09  Zealot  
  95  10:12  Zealot  
  105  10:24  Sentry  
  105  10:27  Adept, Nexus  
  103  10:29  Sentry  
  103  10:32  Zealot  
  89  10:47  Zealot x2, Assimilator  
  89  10:49  Zealot x2  
  93  10:52  Zealot, Stalker  
Show
View Real Time Build Order
Export as new Build Order

Doll Terran 

Build Orders:  

Get SALT Encoding   

  12  0:00  SCV  
  13  0:13  SCV  
  14  0:21  Supply Depot  
  14  0:25  SCV  
  15  0:45  Barracks  
  15  0:47  Barracks  
  15  0:50  SCV  
  16  1:05  Barracks  
  16  1:07  SCV  
  17  1:20  Supply Depot, SCV  
  18  1:32  SCV  
  19  1:33  Marine  
  19  1:34  Marine  
  21  1:44  SCV  
  22  1:50  Barracks  
  22  1:52  Marine  
  23  1:54  Marine  
  23  1:57  Marine  
  25  2:06  Supply Depot  
  25  2:07  SCV  
  26  2:11  Marine  
  26  2:13  Marine  
  28  2:16  Marine  
  28  2:20  SCV  
  30  2:28  Supply Depot  
  30  2:29  Marine  
  30  2:31  Marine  
  30  2:34  Marine  
  33  2:37  Marine  
  34  2:45  Orbital Command  
  34  2:48  Marine  
  34  2:51  Marine  
  35  2:53  Marine  
  37  3:06  Refinery  
  37  3:08  Refinery  
  37  3:24  Command Center  
  37  3:26  SCV  
  38  3:33  Marine  
  38  3:34  Marine x2  
  40  3:36  Marine  
  40  3:45  SCV  
  36  3:57  Marine x2  
  36  3:59  SCV  
  36  4:01  Barracks Tech Lab x2  
  37  4:06  Supply Depot  
  37  4:09  Factory  
  36  4:19  Barracks Tech Lab x2  
  36  4:21  Marauder  
  36  4:23  SCV  
  35  4:33  Stimpack  
  35  4:34  Marine  
  35  4:42  Marine  
  35  4:43  Orbital Command  
  36  4:47  SCV  
  36  4:49  Concussive Shells  
  36  4:51  Marine  
  38  4:54  Factory Tech Lab  
  38  5:01  Bunker  
  38  5:03  Marauder  
  38  5:04  SCV  
  41  5:14  Marine  
  41  5:15  Siege Tank  
  41  5:16  SCV  
  41  5:20  SCV  
  47  5:24  Marauder  
  49  5:29  SCV  
  49  5:30  Marine  
  49  5:31  Marine  
  49  5:34  Supply Depot  
  52  5:37  Combat Shield  
  52  5:39  SCV  
  52  5:40  Marine  
  52  5:42  SCV  
  55  5:55  SCV  
  56  5:57  SCV  
  56  5:58  Command Center  
  57  6:05  Marauder  
  57  6:06  Marine, Starport  
  60  6:14  SCV  
  60  6:15  SCV  
  60  6:16  Marine x2  
  64  6:20  Supply Depot  
  64  6:25  Siege Tank  
  67  6:26  Marine  
  67  6:27  SCV  
  67  6:28  SCV  
  70  6:33  Marine  
  70  6:34  Engineering Bay  
  72  6:40  SCV  
  72  6:41  Engineering Bay  
  72  6:42  SCV  
  72  6:43  Medivac  
  72  6:45  Marine  
  72  6:46  Marine  
  77  6:52  Refinery x2, SCV  
  78  6:54  SCV  
  78  6:57  Supply Depot  
  78  7:00  Marine  
  80  7:02  Marine  
  80  7:06  Siege Tank  
  84  7:09  SCV x2  
  84  7:14  Supply Depot, Starport Tech Lab  
  86  7:18  Orbital Command  
  86  7:22  SCV x2  
  88  7:25  Marauder  
  88  7:26  Marine, Marauder  
  88  7:27  Marine  
  94  7:35  SCV  
  94  7:36  SCV  
  96  7:37  Armory  
  96  7:40  Terran Infantry Weapons Level 1  
  96  7:47  Refinery, SCV  
  96  7:48  Refinery  
  96  7:49  SCV x2  
  96  7:50  Terran Infantry Armor Level 1  
  99  7:53  Marine  
  99  7:54  Marine x2  
  99  7:55  Marine  
  103  7:58  Medivac  
  103  8:00  SCV  
  103  8:02  SCV  
  107  8:08  Ghost Academy, SCV  
  107  8:11  Hellion  
  110  8:14  SCV  
  110  8:15  SCV  
  110  8:17  Factory  
  112  8:20  Supply Depot  
  112  8:24  SCV  
  112  8:25  Marine  
  112  8:26  Marine x2, Starport  
  116  8:27  SCV  
  117  8:39  Supply Depot  
  117  8:41  Supply Depot  
  117  8:42  Medivac  
  117  8:43  Siege Tank  
  117  8:44  SCV x3  
  125  8:57  Supply Depot  
  125  9:07  Medivac, Factory  
  125  9:08  Personal Cloaking  
  125  9:09  Barracks  
  127  9:10  Factory Tech Lab, Marauder  
  127  9:11  Marine x2, Marauder  
  127  9:16  SCV x3  
  136  9:19  Medivac  
  136  9:23  Supply Depot  
  138  9:24  Supply Depot  
  138  9:41  Marauder x4  
  138  9:44  Starport Tech Lab  
  146  9:50  Armory  
  120  10:14  Factory Tech Lab  
  120  10:15  Barracks Tech Lab  
Tags
 
Add a new tag
Caveats
  • Supply blocks, unpowered buildings, or Contaminate may cause inaccurate times.
  • Supply counts are checked every 10 seconds.